 Dungeon Crawl Stone Soup version 0.19.4-8-ga85b6b9 (webtiles) character file.

45 Gargoyl the Skirmisher (level 3, -1/33 HPs)
             Began as a Ghoul Abyssal Knight on Feb 10, 2017.
             Was a Follower of Lugonu.
             Slain by a hobgoblin
             ... wielding a +0 club
              (2 damage)
             ... on level 2 of the Dungeon.
             The game lasted 00:03:13 (1422 turns).

Gargoyl the Skirmisher (Ghoul Abyssal Knight)       Turns: 1422, Time: 00:03:13

Health: -1/33      AC:  8    Str: 17    XL:     3   Next: 64%
Magic:  3/3        EV:  7    Int:  7    God:    Lugonu [*.....]
Gold:   88         SH:  0    Dex:  9    Spells: 0 memorised, 2 levels left

rFire  + + .     SeeInvis .     e - +1 halberd "Tath" {speed, *Rage rF++ Str+2} (curse)
rCold  + + .     Gourm    .     f - +0 chain mail
rNeg   + + +     Faith    .     (shield currently unavailable)
rPois  ∞         Spirit   .     (no helmet)
rElec  .         Reflect  .     (no cloak)
rCorr  .         Harm     .     (no gloves)
MR     .....                    (no boots)
Stlth  ..........               (no amulet)
                                (no ring)
                                i - ring of protection from cold

@: flying, rotting, hasted and slowed
A: rotting body, claws 1, carnivore 3, cold resistance 1, negative energy
resistance 3, slow regeneration 1, torment resistance, unbreathing
a: Depart the Abyss, Renounce Religion


You were on level 2 of the Dungeon.
You worshipped Lugonu.
Lugonu was aware of your devotion.
You were not hungry.

You visited 1 branch of the dungeon, and saw 2 of its levels.
You visited the Abyss 1 time.

You collected 88 gold pieces.

Inventory:

Hand Weapons
 a - a +1 hand axe
 e - the cursed +1 halberd "Tath" (weapon) {speed, *Rage rF++ Str+2}
   (You found it on level 2 of the Abyss)

   Attacks with this weapon are significantly faster.
   It affects your strength (+2).
   It greatly protects you from fire.
   It may make you go berserk in combat.
   It has a curse placed upon it.
 h - a +0 hand axe of chopping
Armour
 f - a +0 chain mail (worn)
Jewellery
 i - a ring of protection from cold (left claw)
Scrolls
 g - a scroll of amnesia {unknown}
 k - 2 scrolls of magic mapping {unknown}
 l - a scroll of identify
 m - a scroll of remove curse {unknown}
Potions
 n - a potion of magic {unknown}
Comestibles
 c - 2 meat rations
 j - 6 chunks of flesh
 o - a beef jerky


   Skills:
 + Level 4.0 Fighting
 + Level 1.9(2.0) Axes
 + Level 1.0(1.5) Polearms
 * Level 2.3 Armour
 + Level 0.8 Dodging
 * Level 2.2 Invocations


You had 2 spell levels left.
You didn't know any spells.

Dungeon Overview and Level Annotations

Branches:
Dungeon (2/15)

Altars:

Annotations:
D:2 Jessica, Natasha


Innate Abilities, Weirdness & Mutations

Your body is rotting away.
You thrive on raw meat.
You are immune to poison.
You have sharp fingernails.
You are carnivorous and can eat meat at any time.
Your flesh is cold resistant. (rC+)
You are immune to negative energy. (rN+++)
You regenerate slowly when monsters are visible.
You are immune to unholy pain and torment.
You can survive without breathing.


Message History

The bat hits you.
* * * LOW HITPOINT WARNING * * *
The bat barely misses you.
Jessica mumbles some strange words.
Jessica blinks!
Natasha claws you but does no damage.
There is a stone staircase leading down here.
The bat hits you but does no damage. Natasha claws you.
* * * LOW HITPOINT WARNING * * *
Natasha mumbles some strange words.
The hobgoblin hits you but does no damage.
It was a potion of flight.
You feel very buoyant.
You fly up into the air.
The white imp disappears in a puff of smoke!
The hobgoblin hits you but does no damage.
The crimson imp blinks!
It was a potion of haste.
You feel yourself speed up.
The hobgoblin hits you but does no damage.
The hobgoblin hits you with a club.
You die...

.# #.# .# #.# ######.# #.#
....$.##### #.# #.......... #.#
#..........
#.#.########%.........
#.#..@gh.....†........
####'#####b§§.#..........
#.............#..........
#########......###....#..........
...............###....###.######+
.########.##.....)....# #.# .#
#.##.....)....# #.# .#
#.##..........# #.# .#
#.................#


You could see Natasha, a hobgoblin and a bat.

Vanquished Creatures
  An ooze (D:1)
  2 leopard geckos (D:1)
  5 orcs (D:1)
  A giant cockroach (D:1)
  6 goblins
  2 hobgoblins (D:1)
  3 bats (D:1)
  A frilled lizard (D:1)
  7 kobolds
  4 rats (D:1)
32 creatures vanquished.

Notes
Turn   | Place    | Note
-------+----------+-------------------------------------------
     0 | Abyss:1  | Gargoyl the Ghoul Abyssal Knight began the quest for the Orb.
     0 | Abyss:1  | Reached XP level 1. HP: 19/19 MP: 1/1
   130 | Abyss:2  | Got an ichor-stained halberd
   131 | Abyss:2  | Identified the cursed +1 halberd "Tath" {speed, *Rage rF++ Str+2} (You found it on level 2 of the Abyss)
   165 | Abyss:2  | Noticed a small abomination
   172 | Abyss:2  | Noticed a neqoxec
   175 | Abyss:2  | Noticed a large abomination
   176 | Abyss:2  | Noticed a quasit
   183 | D:1      | Escaped the Abyss
   221 | D:1      | Reached XP level 2. HP: 25/25 MP: 2/2
   372 | D:1      | Reached * piety under Lugonu
   717 | D:1      | Reached XP level 3. HP: 33/33 MP: 3/3
  1124 | D:1      | Reached skill level 4 in Fighting
  1381 | D:2      | Reached skill level 1 in Polearms
  1403 | D:2      | Noticed Jessica
  1406 | D:2      | Noticed Natasha
  1419 | D:2      | HP: 1/33 [Natasha (3)]
  1422 | D:2      | Slain by a hobgoblin

Skill      XL: |  1  2  3 |
---------------+----------+-----
Armour         | 2 |  2.3
Fighting       | 4 |  4.0
Polearms       | 1 |  1.0
Axes           | |  1.9
Dodging        | |  0.8
Invocations    | |  2.2

Action                   || total
-------------------------++-------
Melee: Halberd           ||   126
Invok: Depart the Abyss  ||     1
  Use: Scroll            ||     2
       Potion            ||     2
  Eat: Chunk             ||    10
Armor: Chain mail        ||    89
Dodge: Dodged            ||    51
